Map: 이터널 엠파이어 - 래더

Players

DIMAGA

  • Race: Zerg Zerg
  • Spawn Location: 7:00

Trap - Winner!

  • Race: Protoss Protoss
  • Spawn Location: 1:00

Event: IEM Katowice 2020

VOD

Have the link to the VOD?

Description

Time

  • Played on: Feb. 25, 2020, 9:12 a.m.
  • Length: 8:19

All games in this series

Show
View Real Time Build Order
Export as new Build Order

DIMAGA Zerg 

Build Orders: Hatch First 

Get SALT Encoding   

  12  0:00  Drone  
  13  0:12  Overlord  
  13  0:17  Drone  
  14  0:31  Drone x2  
  16  0:47  Hatchery  
  15  0:50  Drone  
  15  0:54  Drone  
  17  0:57  Drone  
  18  1:08  Extractor  
  17  1:13  Spawning Pool  
  17  1:16  Drone  
  17  1:21  Drone  
  18  1:29  Drone  
  20  1:40  Drone  
  20  1:50  Overlord  
  20  2:00  Zergling x2, Queen x2  
  20  2:01  Zergling x2  
  26  2:10  Metabolic Boost  
  26  2:13  Drone x2  
  28  2:22  Drone x2  
  30  2:35  Zergling x4  
  32  2:43  Overlord  
  32  2:44  Drone  
  33  2:55  Drone  
  33  2:56  Drone  
  35  2:59  Queen  
  36  3:05  Drone x2  
  36  3:10  Drone x6  
  42  3:21  Hatchery  
  42  3:25  Drone  
  42  3:26  Drone  
  42  3:31  Zergling x2  
  43  3:34  Overlord  
  43  3:39  Spore Crawler  
  42  3:43  Spore Crawler, Queen  
  42  3:47  Overlord  
  43  3:56  Zergling x14  
  50  4:09  Overlord  
  50  4:10  Overlord  
  50  4:13  Drone x6  
  56  4:18  Lair  
  56  4:24  Roach Warren  
  56  4:26  Extractor x2, Overlord  
  53  4:32  Overlord  
  53  4:33  Drone  
  53  4:36  Drone x2  
  56  4:44  Zergling x2  
  56  4:45  Zergling x6  
  59  4:46  Zergling x4  
  57  4:53  Drone x3  
  60  5:02  Drone  
  60  5:06  Drone x5  
  63  5:16  Drone x3  
  63  5:18  Glial Reconstitution  
  65  5:22  Spore Crawler  
  64  5:29  Drone  
  64  5:30  Drone x5  
  65  5:43  Spore Crawler  
  65  5:45  Queen  
  65  5:46  Queen  
  65  5:49  Queen  
  68  5:57  Drone x6  
  68  6:01  Overlord  
  73  6:16  Roach x2  
  73  6:17  Roach x5  
  87  6:30  Drone x3  
  87  6:38  Drone x7  
  94  6:40  Overlord  
  94  6:41  Extractor x2  
  83  7:04  Infestation Pit  
  76  7:16  Queen  
  76  7:30  Roach x5  
  76  7:31  Roach x9  
  76  7:32  Overlord x4  
  76  7:34  Ravager  
  105  7:46  Overlord x3  
  105  8:00  Roach x8  
Show
View Real Time Build Order
Export as new Build Order

Trap Protoss - Winner!

Build Orders: 1 Gate Expand, Oracle Opening, Zealot Archon 

Get SALT Encoding   

  12  0:00  Probe  
  13  0:12  Probe  
  14  0:19  Pylon  
  14  0:24  Probe  
  15  0:37  Probe (Chrono Boost)  
  16  0:44  Gateway  
  16  0:46  Probe (Chrono Boost)  
  16  0:47  Assimilator  
  17  0:51  Probe (Chrono Boost)  
  18  1:03  Probe  
  19  1:15  Probe  
  20  1:23  Nexus  
  20  1:35  Cybernetics Core  
  20  1:38  Probe  
  21  1:45  Assimilator  
  21  1:50  Probe  
  21  1:53  Pylon  
  22  2:02  Probe  
  23  2:09  Adept (Chrono Boost)  
  23  2:14  Probe  
  26  2:16  Stargate  
  26  2:26  Probe, Warp Gate  
  27  2:32  Pylon  
  27  2:34  Adept  
  29  2:39  Probe  
  29  2:42  Probe (Chrono Boost)  
  31  2:50  Pylon  
  31  2:53  Probe (Chrono Boost)  
  31  2:54  Probe (Chrono Boost)  
  33  3:03  Probe x2 (Chrono Boost)  
  35  3:07  Stalker  
  35  3:08  Probe (Chrono Boost)  
  35  3:10  Probe  
  39  3:22  Probe  
  39  3:23  Probe  
  39  3:26  Oracle (Chrono Boost)  
  41  3:28  Pylon  
  44  3:38  Gateway  
  44  3:39  Probe x2  
  46  3:45  Assimilator x2  
  46  3:51  Probe x2  
  46  3:53  Oracle (Chrono Boost)  
  51  3:57  Pylon  
  51  4:03  Probe x2  
  53  4:10  Pylon  
  53  4:17  Adept  
  53  4:20  Oracle (Chrono Boost)  
  58  4:26  Probe  
  58  4:27  Probe  
  58  4:29  Robotics Facility  
  60  4:39  Adept x2  
  60  4:44  Pylon  
  64  4:47  Probe x2  
  66  5:04  Sentry x2  
  67  5:16  Gateway x2  
  67  5:17  Forge  
  67  5:18  Immortal (Chrono Boost), Twilight Council  
  69  5:22  Gateway  
  69  5:23  Probe x2  
  69  5:27  Sentry  
  69  5:28  Sentry  
  75  5:30  Pylon  
  75  5:32  Pylon  
  75  5:44  Protoss Ground Weapons Level 1  
  75  5:47  Warp Prism (Chrono Boost)  
  75  5:52  Charge (Chrono Boost)  
  77  5:58  Zealot  
  77  6:01  Nexus  
  79  6:06  Pylon  
  79  6:11  Templar Archives  
  79  6:15  Zealot  
  81  6:18  Pylon  
  81  6:21  Pylon  
  81  6:27  Immortal  
  85  6:38  Gateway x2  
  85  6:41  Gateway  
  85  6:42  Probe x2  
  85  6:50  High Templar x2, Zealot  
  85  6:52  Zealot  
  93  6:56  Archon  
  93  6:58  Zealot  
  95  7:06  Observer  
  96  7:13  Probe  
  96  7:14  Probe  
  95  7:16  Probe  
  95  7:20  High Templar  
  95  7:21  High Templar  
  95  7:22  Zealot  
  102  7:23  Zealot x2  
  102  7:24  Archon  
  102  7:25  Shield Battery  
  102  7:26  Probe  
  107  7:31  Probe x2  
  109  7:37  Zealot x3  
  109  7:38  Probe  
  116  7:45  Pylon, Assimilator  
  116  7:47  Probe x2, Assimilator  
  116  7:50  Probe  
  119  7:55  High Templar x2, Zealot  
  125  7:59  Archon  
  125  8:03  Zealot x4  
  125  8:04  Zealot  

Tags
 
Add a new tag
Caveats
  • Supply blocks, unpowered buildings, or Contaminate may cause inaccurate times.
  • Supply counts are checked every 10 seconds.